 Dungeon Crawl Stone Soup version 0.30.0 (webtiles) character file.

Game seed: 8095056447672833361

4274 Ayyar the Fighter (level 10, -1/65 HPs)
             Began as a Gargoyle Monk on May 11, 2023.
             Was an Elder of Qazlal.
             Slain by a wraith (7 damage)
             ... led by Josephine
             ... on level 11 of the Dungeon.
             The game lasted 00:27:44 (7535 turns).

Ayyar the Fighter (Gargoyle Monk)                   Turns: 7535, Time: 00:27:44

Health: -1/65      AC: 26    Str: 18    XL:     10   Next: 31%
Magic:  10/10      EV: 10    Int: 12    God:    Qazlal [****..]
Gold:   465        SH:  5    Dex: 12    Spells: 9/9 levels left

rFire   . . .        J - +2 flail (protect)
rCold   . . .        d - orb {light}
rNeg    + . .        A - +0 chain mail
rPois   ∞            (no helmet)
rElec   +            n - scarf {repulsion}
rCorr   .            F - +0 pair of gloves
SInv    .            (no boots)
Will    ++...        r - amulet of faith Stlth
                     w - ring of willpower
HPRegen 0.30/turn    y - ring of willpower
MPRegen 0.12/turn

%: repel missiles, faith
@: about to teleport, under a protective aura, slowed, glowing, very slow
A: sickness immunity, AC +7, negative energy resistance 1, electricity
resistance, torment resistance 1, petrification resistance
a: Renounce Religion, Upheaval, Elemental Force


You were on level 11 of the Dungeon.
You worshipped Qazlal.
Qazlal was greatly pleased with you.
You visited 2 branches of the dungeon, and saw 10 of its levels.

You collected 465 gold pieces.

Inventory:

Hand Weapons
 a - a +0 mace
 J - a +2 flail of protection (weapon)
Missiles
 q - 11 poisoned darts (quivered)
 x - 5 javelins
Armour
 d - an orb of light (worn)
 n - a scarf of repulsion (worn)
 A - a +0 chain mail (worn)
 C - a scarf of resistance
 D - +0 steam dragon scales
 F - a +0 pair of gloves (worn)
 H - a +2 ring mail of fire resistance
 K - a +0 kite shield
Jewellery
 r - an amulet of faith (around neck)
 w - a ring of willpower (left hand)
 y - a ring of willpower (right hand)
 E - a +6 ring of intelligence
Scrolls
 f - 2 scrolls of identify
 j - 2 scrolls of poison
 p - 4 scrolls of vulnerability
 s - a scroll of silence {unknown}
 t - a scroll of fear {unknown}
 u - a scroll of teleportation
 v - 2 scrolls of immolation {unknown}
 B - a scroll of butterflies {unknown}
 G - a scroll of brand weapon {unknown}
 I - a scroll of enchant armour {unknown}
 L - a scroll of fog {unknown}
Potions
 b - 2 potions of heal wounds
 e - 2 potions of brilliance
 g - 2 potions of attraction {unknown}
 h - 2 potions of flight {unknown}
 i - a potion of lignification {unknown}
 k - 6 potions of curing
 l - 3 potions of haste
 o - 2 potions of mutation {unknown}
 z - a potion of degeneration {unknown}


   Skills:
 + Level 8.4 Fighting
 * Level 8.1 Maces & Flails
 + Level 7.4 Armour
 + Level 6.4 Dodging
 * Level 3.7 Shields


You had 9 spell levels left.
You didn't know any spells.
Your spell library contained the following spells:

 Spells                   Type           Power      Damage    Failure   Level
 Apportation              Tloc           0%         N/A       94%         1
 Beastly Appendage        Tmut           0%         N/A       94%         1
 Necrotise                Necr           0%         1d4       94%         1
 Summon Small Mammal      Summ           0%         N/A       94%         1
 Wereblood                Tmut           0%         N/A       98%         2
 Dazzling Flash           Conj/Hex       0%         N/A       100%        3
 Ignite Poison            Fire/Tmut/Pois 0%         N/A       100%        3
 Spider Form              Tmut/Pois      0%         N/A       100%        3
 Summon Guardian Golem    Hex/Summ       0%         N/A       100%        3
 Volatile Blastmotes      Fire/Tloc      0%         2d10      100%        3
 Iskenderun's Mystic Bla  Conj/Tloc      0%         2d3       100%        4
 Freezing Cloud           Conj/Ice/Air   0%         6-21      100%        5
 Starburst                Conj/Fire      0%         6d3       100%        6
 Orb of Destruction       Conj           0%         9d5       100%        7
 Spellforged Servitor     Conj/Summ      0%         N/A       100%        7
 Cigotuvi's Dreadful Rot  Necr/Pois/Air  Unusable   N/A       N/A         2

Dungeon Overview and Level Annotations

Branches:
Dungeon (8/15)             Temple (1/1) D:6            Lair (0/5) D:8

Altars:
Cheibriados
Dithmenos
Elyvilon
Gozag
Hepliaklqana
Kikubaaqudgha
Makhleb
Nemelex Xobeh
Okawaru
Qazlal
Ru
Sif Muna
Trog
Uskayaw
Vehumet
Wu Jian
Xom
Yredelemnul
Zin
The Shining One

Annotations:
D:11 Fannar


Innate Abilities, Weirdness & Mutations

You are immune to sickness and miasma.
Your stone body is resilient. (AC +7)
You are immune to poison.
You resist negative energy. (rN+)
You are resistant to electric shocks. (rElec)
You are resistant to unholy torment.
You are immune to petrification.


Message History

You hear a shout!
The wraith closely misses you. The wraith hits you.
An orc priest comes into view.
It is wielding a +0 flail of holy wrath.
The ice beast hits you but does no damage.
Fannar mumbles some strange words.
The wraith closely misses you. x2; The ice beast closely misses you.
The orc priest moves out of view.
You barely miss the ice beast.
The ice beast is severely wounded.
The wraith closely misses you. The wraith hits you but does no damage.
The ice beast barely misses you.
You sock the ice beast!
You kill the ice beast!
The ice beast disappears in a puff of smoke!
The wraith hits you. The wraith closely misses you.
The wraith hits you but does no damage. x2
The ice beast hits you but does no damage.
You barely miss the ice beast.
The ice beast is severely wounded.
The wraith barely misses you.
Fannar mumbles some strange words.
The orc priest calls down the wrath of Beogh upon you.
Beogh smites you!
* * * LOW HITPOINT WARNING * * *
The wraith hits you!
* * * LOW HITPOINT WARNING * * *
The wraith drains your vigour!
You feel as though you will be slow longer.
The ice beast hits you but does no damage.
You hit the ice beast but do no damage.
The ice beast is severely wounded.
The wraith closely misses you. The wraith hits you but does no damage.
The ice beast hits you but does no damage.
The wraith hits you but does no damage. x2
The orc priest calls upon Beogh to heal the orc wizard.
The orc wizard's wounds heal themselves!
The ice beast hits you but does no damage.
As you read the scroll of teleportation, it crumbles to dust.
You feel strangely unstable. The wraith hits you!
You die...

### # #.
####'#####
#........#
#.......e#####
#.......YYY@W#
#........###W#
#........# o..
#........#
###..
#........# ##
#........#
##########


You could see Fannar, 2 wraiths, 3 ice beasts and an orc priest.

Vanquished Creatures
  An ugly thing (D:11)
  Psyche (D:8)
  Prince Ribbit (D:7)
  Sigmund (D:3)
  3 yaks (D:8)
  A steam dragon (D:6)
  Duvessa (D:4)
  A water moccasin (D:7)
  An orc warrior (D:7)
  2 sky beasts
  4 ice beasts
  A black bear (D:6)
  Blork the orc (D:4)
  4 bullfrogs
  A gnoll sergeant (D:8)
  3 scorpions
  Dowan (D:4)
  An electric eel (D:8)
  7 hounds
  3 jellies (D:5)
  A gnoll bouda (D:7)
  3 orc priests
  2 iguanas
  A sleepcap (D:7)
  Natasha (thrice) (D:4)
  8 orc wizards
  7 gnolls
  12 adders
  A white imp (D:3)
  2 ufetubi (D:6)
  3 worms
  2 dart slugs
  25 orcs
  7 bats
  7 endoplasms
  2 giant cockroaches
  12 goblins
  4 hobgoblins
  4 jackals (D:4)
  4 kobolds
  4 ball pythons
  5 frilled lizards
  3 rats
161 creatures vanquished.

Vanquished Creatures (others)
  An orc wizard (D:8)
  An orc (D:6)
  3 withered plants (D:5)
5 creatures vanquished.

Grand Total: 166 creatures vanquished

Notes
Turn   | Place    | Note
-------+----------+-------------------------------------------
     0 | D:1      | Ayyar the Gargoyle Monk began the quest for the Orb.
     0 | D:1      | Reached XP level 1. HP: 14/14 MP: 1/1
   129 | D:1      | Found a faded altar of an unknown god.
   359 | D:1      | Reached XP level 2. HP: 19/19 MP: 2/2
   535 | D:1      | Reached XP level 3. HP: 16/23 MP: 3/3
   723 | D:2      | Reached skill level 1 in Armour
  1293 | D:2      | Reached XP level 4. HP: 16/29 MP: 4/4
  2024 | D:3      | Noticed Sigmund
  2041 | D:3      | Killed Sigmund
  2042 | D:3      | Reached XP level 5. HP: 10/34 MP: 5/5
  2042 | D:3      | Reached XP level 6. HP: 11/39 MP: 6/6
  2280 | D:3      | Found a hazy altar of Hepliaklqana.
  2774 | D:3      | Found a shadowy altar of Dithmenos.
  2960 | D:4      | Noticed Blork the orc
  2969 | D:4      | Killed Blork the orc
  2975 | D:4      | Noticed Natasha
  2986 | D:4      | Killed Natasha
  3016 | D:4      | Noticed Duvessa
  3016 | D:4      | Noticed Dowan
  3023 | D:4      | Killed Duvessa
  3024 | D:4      | Reached skill level 5 in Fighting
  3024 | D:4      | Reached XP level 7. HP: 21/44 MP: 7/7
  3030 | D:4      | Killed Dowan
  3210 | D:4      | Found a stormy altar of Qazlal.
  3244 | D:4      | Noticed Natasha
  3255 | D:4      | Killed Natasha
  3329 | D:4      | Became a worshipper of Qazlal Stormbringer
  3329 | D:4      | Reached * piety under Qazlal
  3329 | D:4      | Reached ** piety under Qazlal
  3336 | D:4      | Noticed Natasha
  3343 | D:4      | Killed Natasha
  3580 | D:4      | Reached skill level 5 in Maces & Flails
  3669 | D:5      | Entered Level 5 of the Dungeon
  3692 | D:5      | Found an ancient bone altar of Kikubaaqudgha.
  3895 | D:5      | Reached XP level 8. HP: 41/51 MP: 8/8
  4263 | D:5      | Found a sacrificial altar of Ru.
  4785 | D:6      | Reached skill level 5 in Armour
  4814 | D:6      | Found a staircase to the Ecumenical Temple.
  5001 | D:6      | Reached skill level 5 in Dodging
  5026 | Temple   | Entered the Ecumenical Temple
  5286 | D:6      | Found a basalt altar of Yredelemnul.
  5301 | D:6      | Reached XP level 9. HP: 56/56 MP: 9/9
  5402 | D:6      | Found a white marble altar of Elyvilon.
  5501 | D:6      | Found a bloodstained altar of Trog.
  5774 | D:7      | Reached *** piety under Qazlal
  6004 | D:7      | Noticed Prince Ribbit
  6051 | D:7      | Killed Prince Ribbit
  6631 | D:8      | Found a staircase to the Lair.
  6894 | D:8      | Reached skill level 1 in Shields
  7050 | D:8      | Found a snail-covered altar of Cheibriados.
  7221 | D:8      | Noticed Psyche
  7243 | D:8      | Killed Psyche
  7244 | D:8      | Reached XP level 10. HP: 43/64 MP: 10/10
  7267 | D:8      | Reached **** piety under Qazlal
  7387 | D:8      | You fall into a shaft and drop 3 floors!
  7396 | D:11     | Identified the +9 falchion of War {holy, Will- Str+2 SInv}
  7425 | D:11     | Noticed a green ugly thing
  7462 | D:11     | Killed a green ugly thing
  7487 | D:11     | Noticed Fannar
  7535 | D:11     | Slain by a wraith

Illustrated notes

Levels and vault maps discovered:
D:1:      mainiacjoe_arrival_reflecting_pool, layout_loops_ring,
          hellmonk_ecumenical_altar_pennies_from_heaven
D:2:      layout_basic, minmay_pentomino_w2
D:3:      layout_basic, mainiacjoe_overflow_tiny_flanked,
          mainiacjoe_overflow_alcove_2, uniq_sigmund
D:4:      layout_gridville, lemuel_tele_altar, grunt_ministairs_12,
          corexii_item_surrounded_by_moat, uniq_duvessa, uniq_blork_the_orc,
          uniq_natasha
D:5:      layout_loops_ring, kiku_gazebo_garden_becter, nicolae_ru_path_of_blood
D:6:      layout_rooms, mainiacjoe_overflow_chevrons,
          mainiacjoe_overflow_24_doors, trog_book, minmay_temple_entry_waves
D:7:      layout_basic, uniq_prince_ribbit1
D:8:      statuecave_lemuel, layout_basic, slow_altar_2, lair_entry_dummy,
          kennysheep_generic_room_7, uniq_psyche
D:11:     layout_roguey, orc_0_dummy, gammafunk_ghost_grave,
          nicolae_qazlal_scattered_showers, uniq_josephine, uniq_fannar,
          uniq_nergalle
Temple:   minmay_freezing_vapour_temple

Skill      XL: |  1  2  3  4  5  6  7  8  9 10 |
---------------+-------------------------------+-----
Armour         | 1 2 3 4 5 7 |  7.4
Fighting       | 4 5 6 8 |  8.4
Dodging        | 3 4 5 6 |  6.4
Maces & Flails | 4 5 6 7 8 |  8.1
Shields        | 2 3 |  3.7

Action                     |  1- 3 |  4- 6 |  7- 9 | 10-12 || total
---------------------------+-------+-------+-------+-------++-------
  Melee: Mace              |   100 |   100 |   415 |       ||   615
         Flail             |       |       |    90 |   104 ||   194
  Throw: Dart              |       |     3 |    14 |       ||    17
    Use: Potion            |       |     1 |     1 |     3 ||     5
         Scroll            |       |       |       |    10 ||    10
 Armour: Robe              |    35 |       |       |       ||    35
         Ring mail         |    15 |    41 |    58 |       ||   114
         Chain mail        |       |       |   219 |    75 ||   294
  Dodge: Dodged            |    91 |    65 |   219 |    50 ||   425
         Repelled          |       |     2 |     2 |       ||     4
  Block: Orb               |       |       |    65 |     2 ||    67
         Kite shield       |       |       |    27 |    64 ||    91
